 Dungeon Crawl Stone Soup version 0.31.0-11-ge490571c62 (webtiles) character file.

Game seed: 18421206531492177544

159 Arcadio the Skirmisher (level 5, 0/43 HPs)
             Began as a Gnoll Hunter on Jan 29, 2024.
             Slain by a hobgoblin (2 damage)
             ... led by Robin
             ... on level 4 of the Dungeon.
             The game lasted 00:02:50 (2313 turns).

Arcadio the Skirmisher (Gnoll Hunter)               Turns: 2313, Time: 00:02:51

Health: 0/43       AC:  4    Str: 10    XL:     5   Next: 40%
Magic:  7/7        EV: 14    Int:  8    God:
Gold:   228        SH:  0    Dex: 18    Spells: 7/7 levels left

rFire   . . .        a - +0 shortbow
rCold   . . .        (shield currently unavailable)
rNeg    . . .        c - +0 leather armour
rPois   .            (no helmet)
rElec   .            (no cloak)
rCorr   .            (no gloves)
SInv    .            s - +0 pair of boots
Will    .....        t - amulet of magic regeneration
Stlth   ++           (no ring)
HPRegen 0.27/turn    (no ring)
MPRegen 0.50/turn

%: no passive effects
@: no status effects
A: fangs 1, strong nose, distributed training
a: no special abilities


You were on level 4 of the Dungeon.
You visited 1 branch of the dungeon, and saw 4 of its levels.

You collected 228 gold pieces.

Inventory:

Hand Weapons
 a - a +0 shortbow (weapon)
Armour
 c - a +0 leather armour (worn)
 s - a +0 pair of boots (worn)
 v - a +4 plate armour of cold resistance
Jewellery
 t - an amulet of magic regeneration (around neck)
 u - an amulet of faith
Wands
 k - a wand of polymorph (9)
Scrolls
 b - a scroll of butterflies
 d - 2 scrolls of amnesia {unknown}
 h - 2 scrolls of enchant armour {unknown}
 l - a scroll of silence {unknown}
 m - a scroll of fear {unknown}
 n - 2 scrolls of enchant weapon {unknown}
 o - 2 scrolls of immolation {unknown}
 p - 2 scrolls of identify {unknown}
Potions
 e - 2 potions of cancellation {unknown}
 f - a potion of lignification {unknown}
 g - a potion of attraction {unknown}
 i - a potion of mutation {unknown}
 j - a potion of heal wounds {unknown}
 q - 2 potions of enlightenment {unknown}
 r - a potion of degeneration {unknown}


   Skills:
 + Level 4.8 Fighting
 + Level 1.5 Short Blades
 + Level 1.5 Long Blades
 + Level 1.5 Axes
 + Level 1.5 Maces & Flails
 + Level 1.5 Polearms
 + Level 1.5 Staves
 + Level 8.6 Ranged Weapons
 + Level 1.5 Throwing
 + Level 1.5 Armour
 + Level 4.8 Dodging
 + Level 2.8 Stealth
 + Level 1.5 Shields
 + Level 1.5 Unarmed Combat
 + Level 1.5 Spellcasting
 + Level 1.2 Conjurations
 + Level 1.2 Hexes
 + Level 1.2 Summonings
 + Level 1.2 Necromancy
 + Level 1.2 Translocations
 + Level 1.2 Fire Magic
 + Level 1.2 Ice Magic
 + Level 1.2 Air Magic
 + Level 1.2 Earth Magic
 + Level 1.2 Alchemy
 + Level 1.7 Invocations
 + Level 1.5 Evocations
 + Level 1.4 Shapeshifting


You had 7 spell levels left.
You didn't know any spells.
Your spell library contained the following spells:

 Spells                   Type           Power      Damage    Failure   Level
 Summon Small Mammal      Summ           8%         N/A       30%         1
 Ensorcelled Hibernation  Hex/Ice        4%         N/A       41%         2
 Lesser Beckoning         Tloc           4%         N/A       41%         2
 Call Canine Familiar     Summ           2%         N/A       65%         3
 Gell's Gravitas          Tloc           2%         N/A       65%         3
 Passwall                 Erth           2%         N/A       65%         3
 Swiftness                Air            2%         N/A       65%         3
 Teleport Other           Tloc           2%         N/A       65%         3
 Summon Blazeheart Golem  Fire/Summ      2%         N/A       96%         4


Dungeon Overview and Level Annotations

Branches:
Dungeon (4/15)
 Temple: D:4-7

Altars:
Dithmenos
Kikubaaqudgha
Xom

Annotations:
D:4 Robin


Innate Abilities, Weirdness & Mutations

You have very sharp teeth.
Your uncanny sense of smell can sniff out nearby items.
Your experience applies equally to all skills.


Message History

Robin says, "Duck!"
Robin throws the goblin at you! The goblin hits you but does no damage.
The hobgoblin barely misses you.
You shoot an arrow.
The arrow hits the goblin but does no damage.
Robin hits you from afar with a +0 spear.
The goblin hits you with a +0 club. The hobgoblin hits you.
You shoot an arrow. The arrow barely misses the goblin.
Robin says, "Feeling lonely?"
Robin hits you from afar with a +0 spear.
The goblin hits you but does no damage. The hobgoblin closely misses you.
You shoot an arrow. The arrow closely misses the goblin.
Robin hits you from afar with a +0 spear.
The goblin hits you with a +0 club.
* * * LOW HITPOINT WARNING * * *
The hobgoblin barely misses you.
You shoot an arrow. The arrow hits the goblin.
The goblin is heavily wounded.
The goblin barely misses you. The hobgoblin barely misses you.
You shoot an arrow. The arrow hits the goblin.
You kill the goblin!
The hobgoblin closely misses you. Robin throws the goblin at you!
You shoot an arrow. The arrow hits the goblin.
You kill the goblin!
The hobgoblin hits you.
* * * LOW HITPOINT WARNING * * *
Robin roars a battlecry!
The hobgoblin attacks as it pursues you!
The hobgoblin hits you.
* * * LOW HITPOINT WARNING * * *
Robin attacks as they pursue you! Robin closely misses you.
Items here: ))))) ††††.
The hobgoblin no longer looks unusually strong.
Robin roars a battlecry!
The hobgoblin goes into a battle-frenzy!
The hobgoblin attacks as it pursues you!
The hobgoblin hits you but does no damage.
The hobgoblin attacks as it pursues you!
The hobgoblin hits you.
You die...

.. .. .### ..#
#g# #g# #)#
#.############
#.g@.........#
∆
############.#
#.# #.# #.#
#.### #...# ∆
###.# #.#


You could see a hobgoblin (strong).

Vanquished Creatures
  A bombardier beetle (D:3)
  A hound (D:3)
  Terence (D:2)
  A gnoll (D:1)
  3 dart slugs
  2 ribbon worms (D:2)
  2 orcs (D:4)
  4 bats
  2 endoplasms
  A giant cockroach (D:1)
  11 goblins
  8 hobgoblins
  3 quokkas
  2 ball pythons (D:2)
  3 kobolds
  2 rats (D:1)
47 creatures vanquished.

Notes
Turn   | Place    | Note
-------+----------+-------------------------------------------
     0 | D:1      | Arcadio the Gnoll Hunter began the quest for the Orb.
     0 | D:1      | Reached XP level 1. HP: 20/20 MP: 1/1
   203 | D:1      | Reached XP level 2. HP: 12/26 MP: 2/2
   787 | D:1      | Found a faded altar of an unknown god.
   982 | D:2      | Reached XP level 3. HP: 31/31 MP: 3/3
  1067 | D:2      | Reached skill level 1 in Invocations
  1216 | D:2      | Noticed Terence
  1227 | D:2      | Killed Terence
  1228 | D:2      | Reached skill level 1 in Short Blades
  1228 | D:2      | Reached skill level 1 in Long Blades
  1228 | D:2      | Reached skill level 1 in Axes
  1228 | D:2      | Reached skill level 1 in Maces & Flails
  1228 | D:2      | Reached skill level 1 in Polearms
  1228 | D:2      | Reached skill level 1 in Staves
  1228 | D:2      | Reached skill level 1 in Throwing
  1228 | D:2      | Reached skill level 1 in Armour
  1228 | D:2      | Reached skill level 1 in Shields
  1228 | D:2      | Reached skill level 1 in Unarmed Combat
  1228 | D:2      | Reached skill level 1 in Spellcasting
  1228 | D:2      | Reached skill level 1 in Evocations
  1228 | D:2      | Reached skill level 1 in Shapeshifting
  1228 | D:2      | Reached XP level 4. HP: 34/38 MP: 5/5
  1709 | D:3      | Found a shadowy altar of Dithmenos.
  1745 | D:3      | Reached skill level 1 in Conjurations
  1745 | D:3      | Reached skill level 1 in Hexes
  1745 | D:3      | Reached skill level 1 in Summonings
  1745 | D:3      | Reached skill level 1 in Necromancy
  1745 | D:3      | Reached skill level 1 in Translocations
  1745 | D:3      | Reached skill level 1 in Fire Magic
  1745 | D:3      | Reached skill level 1 in Ice Magic
  1745 | D:3      | Reached skill level 1 in Air Magic
  1745 | D:3      | Reached skill level 1 in Earth Magic
  1745 | D:3      | Reached skill level 1 in Alchemy
  1948 | D:3      | Found a shimmering altar of Xom.
  2013 | D:3      | Found an ancient bone altar of Kikubaaqudgha.
  2131 | D:3      | Reached XP level 5. HP: 43/43 MP: 7/7
  2283 | D:4      | Noticed Robin
  2310 | D:4      | HP: 1/43 [hobgoblin[Robin] (5)]
  2313 | D:4      | Slain by a hobgoblin

Illustrated notes

Levels and vault maps discovered:
D:1:      matt_arrival_grand_opening, layout_basic,
          dreamdust_ecumenical_altar_hidden_monk_grotto, minmay_misc_feat_room
D:2:      layout_rooms, uniq_terence
D:3:      layout_loops_cross, lemuel_tele_altar, amcnicky_altar_gilded,
          regret_index_xom_buried_treasure, minmay_misc_feat_doors
D:4:      layout_loops_ring, grunt_decor_resistance, uniq_robin

Skill      XL: |  1  2  3  4 |
---------------+-------------+-----
Invocations    | 1 |  1.7
Short Blades   | 1 |  1.5
Long Blades    | 1 |  1.5
Axes           | 1 |  1.5
Maces & Flails | 1 |  1.5
Polearms       | 1 |  1.5
Staves         | 1 |  1.5
Throwing       | 1 |  1.5
Armour         | 1 |  1.5
Shields        | 1 |  1.5
Unarmed Combat | 1 |  1.5
Spellcasting   | 1 |  1.5
Evocations     | 1 |  1.5
Shapeshifting  | 1 |  1.4
Conjurations   | 1 |  1.2
Hexes          | 1 |  1.2
Summonings     | 1 |  1.2
Necromancy     | 1 |  1.2
Translocations | 1 |  1.2
Fire Magic     | 1 |  1.2
Ice Magic      | 1 |  1.2
Air Magic      | 1 |  1.2
Earth Magic    | 1 |  1.2
Alchemy        | 1 |  1.2
Fighting       | |  4.8
Ranged Weapons | |  8.6
Dodging        | |  4.8
Stealth        | |  2.8

Action                     |  1- 3 |  4- 6 || total
---------------------------+-------+-------++-------
   Fire: Shortbow          |    83 |    62 ||   145
 Armour: Leather armour    |    23 |    30 ||    53
  Dodge: Dodged            |    37 |    39 ||    76
